[ AOE2 MATCH · #506175578 ]
UnrankedIncas vs Byzantines
Player's team · LOSS
[ REPLAY ANALYSIS · EXTRACTED FROM THE RECORDED GAME ]
Feudal
9:41
Castle
19:25
Imperial
—
| APM avg | 54.0 |
| APM peak | 90 |
| eAPM avg | 20.3 |
| Villagers / military | 48 / 15 |
Focus
⚔️ 46.1% · 🌾 53.9%
Unknown (2550) ×29 · Archer ×10 · Mangonel ×4 · Spearman ×1
Feudal
10:06
Castle
19:07
Imperial
—
| APM avg | 55.5 |
| APM peak | 99 |
| eAPM avg | 25.0 |
| Villagers / military | 68 / 23 |
Focus
⚔️ 34.1% · 🌾 65.9%
Archer ×12 · Skirmisher ×9 · Mangonel ×2
Match map
Initial resources + every placement click. Lines = walls · curves = elevation contours. ◆ gold · ⬟ stone · ● berries · ✦ relic · ◌ wall gap
Your base· Open — opponent sealed themselves in
I believe I can fly's base· ✓ Closed at 19:07 · 51t walls · no gate
Smoothed initial terrain · ◌ = detected wall gap · hover for details
Inputs per minute
— ask - - I believe I can fly
Build order — ask
First 150 of 162 actions detected
| 0:01 | Create | Villager (Male) |
| 0:01 | Create | Villager (Male) |
| 0:01 | Create | Villager (Male) |
| 0:03 | Build | House |
| 0:17 | Create | Villager (Male) |
| 0:17 | Create | Villager (Male) |
| 1:27 | Create | Villager (Male) |
| 1:51 | Create | Villager (Male) |
| 1:51 | Create | Villager (Male) |
| 2:11 | Create | Villager (Male) |
| 2:11 | Create | Villager (Male) |
| 2:34 | Create | Villager (Male) |
| 2:34 | Create | Villager (Male) |
| 2:43 | Build | Settlement |
| 3:09 | Create | Villager (Male) |
| 3:09 | Create | Villager (Male) |
| 3:09 | Create | Villager (Male) |
| 3:59 | Create | Villager (Male) |
| 4:24 | Create | Villager (Male) |
| 4:46 | Create | Villager (Male) |
| 5:01 | Build | Barracks |
| 5:13 | Create | Villager (Male) |
| 5:36 | Build | House |
| 5:40 | Create | Villager (Male) |
| 5:54 | Create | Unit 2550 |
| 5:55 | Create | Unit 2550 |
| 5:59 | Create | Villager (Male) |
| 6:19 | Create | Villager (Male) |
| 6:47 | Build | Settlement |
| 6:56 | Research | Loom |
| 6:56 | Research | Loom |
| 7:28 | Research | Feudal Age |
| 8:18 | Build | Settlement |
| 8:54 | Create | Unit 2550 |
| 9:33 | Create | Villager (Male) |
| 9:41 | Age | Feudal Age |
| 9:43 | Build | Archery Range |
| 9:44 | Research | Tech 1402 |
| 9:44 | Research | Tech 1402 |
| 10:08 | Create | Villager (Male) |
| 10:14 | Research | Arson |
| 10:15 | Research | Arson |
| 10:24 | Create | Villager (Male) |
| 10:37 | Build | Blacksmith |
| 10:37 | Create | Archer |
| 10:41 | Create | Spearman |
| 10:47 | Create | Villager (Male) |
| 11:09 | Create | Archer |
| 11:14 | Build | Farm |
| 11:14 | Create | Villager (Male) |
| 11:41 | Build | Farm |
| 11:46 | Research | Fletching |
| 11:46 | Research | Fletching |
| 11:51 | Create | Villager (Male) |
| 11:51 | Create | Villager (Male) |
| 12:07 | Build | Farm |
| 12:14 | Build | Farm |
| 12:15 | Create | Villager (Male) |
| 12:55 | Create | Villager (Male) |
| 12:58 | Research | Double-Bit Axe |
| 12:59 | Research | Double-Bit Axe |
| 13:00 | Create | Archer |
| 13:00 | Create | Archer |
| 13:04 | Build | Farm |
| 13:08 | Build | Farm |
| 13:09 | Build | Farm |
| 13:17 | Create | Archer |
| 13:17 | Create | Archer |
| 13:19 | Create | Villager (Male) |
| 13:23 | Build | Farm |
| 13:43 | Create | Villager (Male) |
| 13:45 | Build | Farm |
| 13:48 | Create | Archer |
| 13:49 | Create | Archer |
| 14:21 | Create | Villager (Male) |
| 14:26 | Create | Archer |
| 14:28 | Research | Stone Mining |
| 14:38 | Build | Farm |
| 14:41 | Research | Horse Collar |
| 14:42 | Research | Horse Collar |
| 14:42 | Create | Villager (Male) |
| 14:48 | Create | Archer |
| 15:04 | Create | Villager (Male) |
| 15:04 | Create | Villager (Male) |
| 15:34 | Build | Market |
| 15:39 | Create | Villager (Male) |
| 15:42 | Build | Farm |
| 15:46 | Build | Farm |
| 16:26 | Build | Settlement |
| 16:45 | Research | Castle Age |
| 16:45 | Research | Castle Age |
| 17:01 | Create | Unit 2550 |
| 17:02 | Create | Unit 2550 |
| 17:12 | Build | Barracks |
| 17:36 | Create | Unit 2550 |
| 17:43 | Build | Farm |
| 17:45 | Build | Farm |
| 17:57 | Research | Scale Mail Armor |
| 17:57 | Research | Scale Mail Armor |
| 18:01 | Research | Forging |
| 18:01 | Research | Forging |
| 18:10 | Build | Farm |
| 18:12 | Build | Farm |
| 18:14 | Create | Unit 2550 |
| 18:14 | Create | Unit 2550 |
| 18:14 | Create | Unit 2550 |
| 18:36 | Research | Gold Mining |
| 18:43 | Create | Unit 2550 |
| 18:43 | Create | Unit 2550 |
| 19:08 | Build | Farm |
| 19:24 | Create | Villager (Male) |
| 19:25 | Age | Castle Age |
| 19:29 | Research | Tech 1351 |
| 19:30 | Research | Tech 1351 |
| 19:35 | Build | Siege Workshop |
| 20:08 | Research | Chain Mail Armor |
| 20:14 | Build | Siege Workshop |
| 20:31 | Create | Villager (Male) |
| 20:33 | Build | Siege Workshop |
| 20:35 | Create | Unit 2550 |
| 20:36 | Create | Unit 2550 |
| 20:42 | Create | Unit 2550 |
| 20:42 | Create | Unit 2550 |
| 20:49 | Build | Farm |
| 20:53 | Build | Farm |
| 20:57 | Research | Town Watch |
| 20:57 | Research | Town Watch |
| 21:11 | Create | Unit 2550 |
| 21:11 | Create | Unit 2550 |
| 21:11 | Create | Unit 2550 |
| 21:25 | Build | Outpost |
| 21:29 | Create | Mangonel |
| 21:29 | Create | Mangonel |
| 21:41 | Build | House |
| 21:42 | Create | Villager (Male) |
| 21:43 | Create | Unit 2550 |
| 21:43 | Create | Unit 2550 |
| 21:43 | Create | Unit 2550 |
| 22:05 | Research | Wheelbarrow |
| 22:05 | Research | Wheelbarrow |
| 22:18 | Create | Mangonel |
| 22:18 | Create | Mangonel |
| 22:25 | Build | Farm |
| 22:33 | Build | Farm |
| 22:36 | Create | Unit 2550 |
| 22:36 | Create | Unit 2550 |
| 22:36 | Create | Unit 2550 |
| 22:42 | Build | Outpost |
| 22:53 | Create | Villager (Male) |
| 23:00 | Create | Unit 2550 |
Build order — I believe I can fly
First 150 of 173 actions detected
| 0:00 | Create | Villager (Male) |
| 0:01 | Create | Villager (Male) |
| 0:02 | Build | House |
| 0:04 | Build | House |
| 0:12 | Create | Villager (Male) |
| 0:12 | Create | Villager (Male) |
| 1:37 | Create | Villager (Male) |
| 1:37 | Create | Villager (Male) |
| 1:47 | Build | Lumber Camp |
| 1:56 | Create | Villager (Male) |
| 1:56 | Create | Villager (Male) |
| 2:21 | Create | Villager (Male) |
| 2:21 | Create | Villager (Male) |
| 2:52 | Create | Villager (Male) |
| 2:52 | Create | Villager (Male) |
| 2:53 | Create | Villager (Male) |
| 3:02 | Build | House |
| 3:04 | Build | Palisade Wall |
| 3:08 | Create | Villager (Male) |
| 3:08 | Create | Villager (Male) |
| 3:09 | Create | Villager (Male) |
| 3:34 | Create | Villager (Male) |
| 3:34 | Create | Villager (Male) |
| 3:56 | Create | Villager (Male) |
| 3:57 | Create | Villager (Male) |
| 3:57 | Create | Villager (Male) |
| 4:01 | Build | Palisade Wall |
| 4:51 | Build | Mill |
| 4:53 | Create | Villager (Male) |
| 4:53 | Create | Villager (Male) |
| 4:53 | Create | Villager (Male) |
| 5:02 | Build | Palisade Wall |
| 5:41 | Build | Palisade Wall |
| 5:43 | Create | Villager (Male) |
| 5:43 | Create | Villager (Male) |
| 5:44 | Create | Villager (Male) |
| 5:44 | Create | Villager (Male) |
| 5:45 | Build | House |
| 5:58 | Build | Palisade Wall |
| 6:02 | Create | Villager (Male) |
| 6:14 | Build | Palisade Wall |
| 6:19 | Build | Palisade Wall |
| 6:29 | Create | Villager (Male) |
| 7:03 | Build | Palisade Wall |
| 7:08 | Build | Palisade Wall |
| 7:11 | Research | Loom |
| 7:20 | Build | Palisade Wall |
| 7:55 | Research | Feudal Age |
| 7:55 | Research | Feudal Age |
| 8:24 | Build | Lumber Camp |
| 8:59 | Create | Villager (Male) |
| 9:02 | Build | Barracks |
| 9:21 | Build | House |
| 10:06 | Age | Feudal Age |
| 10:10 | Build | Archery Range |
| 10:13 | Research | Double-Bit Axe |
| 10:17 | Create | Villager (Male) |
| 10:49 | Create | Villager (Male) |
| 10:55 | Create | Skirmisher |
| 11:02 | Build | Blacksmith |
| 11:09 | Create | Skirmisher |
| 11:16 | Create | Villager (Male) |
| 11:20 | Build | Farm |
| 11:29 | Build | House |
| 11:37 | Build | Farm |
| 11:37 | Create | Villager (Male) |
| 11:41 | Create | Skirmisher |
| 11:41 | Create | Skirmisher |
| 11:42 | Create | Skirmisher |
| 12:04 | Build | Farm |
| 12:05 | Create | Villager (Male) |
| 12:12 | Create | Skirmisher |
| 12:19 | Build | House |
| 12:33 | Build | House |
| 12:34 | Create | Villager (Male) |
| 12:45 | Build | Farm |
| 12:51 | Research | Fletching |
| 12:54 | Create | Skirmisher |
| 13:05 | Create | Villager (Male) |
| 13:16 | Create | Skirmisher |
| 13:19 | Build | Mining Camp |
| 13:22 | Create | Villager (Male) |
| 13:38 | Create | Skirmisher |
| 13:42 | Build | House |
| 13:48 | Create | Villager (Male) |
| 14:03 | Build | Farm |
| 14:18 | Build | House |
| 14:21 | Create | Villager (Male) |
| 14:28 | Build | House |
| 14:33 | Build | Farm |
| 14:53 | Create | Villager (Male) |
| 14:56 | Build | House |
| 15:18 | Create | Villager (Male) |
| 15:22 | Build | Farm |
| 15:24 | Build | Farm |
| 15:34 | Build | Palisade Wall |
| 15:41 | Create | Archer |
| 15:42 | Create | Villager (Male) |
| 15:45 | Build | Farm |
| 15:52 | Build | House |
| 15:53 | Build | House |
| 16:06 | Build | Archery Range |
| 16:27 | Research | Castle Age |
| 16:28 | Research | Castle Age |
| 16:28 | Research | Castle Age |
| 16:37 | Create | Archer |
| 16:37 | Create | Archer |
| 17:04 | Create | Archer |
| 17:22 | Create | Archer |
| 17:35 | Build | House |
| 17:38 | Create | Archer |
| 17:40 | Research | Gold Mining |
| 17:40 | Research | Gold Mining |
| 17:41 | Research | Horse Collar |
| 17:41 | Research | Horse Collar |
| 17:47 | Build | Farm |
| 17:50 | Build | Farm |
| 18:00 | Create | Archer |
| 18:11 | Build | House |
| 18:35 | Create | Archer |
| 18:36 | Create | Villager (Male) |
| 18:48 | Create | Archer |
| 19:07 | Age | Castle Age |
| 19:08 | Research | Crossbowman (upgrade) |
| 19:22 | Research | Bodkin Arrow |
| 19:22 | Research | Bodkin Arrow |
| 19:33 | Build | Town Center |
| 19:36 | Create | Villager (Male) |
| 19:37 | Create | Villager (Male) |
| 19:45 | Create | Archer |
| 20:04 | Create | Villager (Male) |
| 20:17 | Create | Villager (Male) |
| 20:39 | Build | Town Center |
| 20:43 | Create | Villager (Male) |
| 20:56 | Build | Siege Workshop |
| 20:57 | Create | Villager (Male) |
| 21:07 | Build | House |
| 21:09 | Create | Archer |
| 21:18 | Create | Villager (Male) |
| 21:27 | Research | Stone Mining |
| 21:27 | Research | Stone Mining |
| 21:29 | Create | Villager (Male) |
| 21:29 | Create | Villager (Male) |
| 21:30 | Build | Farm |
| 21:31 | Build | Farm |
| 21:43 | Build | Farm |
| 21:44 | Create | Mangonel |
| 21:45 | Create | Villager (Male) |
| 21:53 | Build | House |
| 22:01 | Create | Villager (Male) |
Match timeline
| 3:04 | I believe I can fly · wall_segment Palisade Wall x9 |
| 4:01 | I believe I can fly · wall_segment Palisade Wall x4 |
| 5:01 | ask · first_building Barracks |
| 5:02 | I believe I can fly · wall_segment Palisade Wall x4 |
| 5:41 | I believe I can fly · wall_segment Palisade Wall x4 |
| 5:58 | I believe I can fly · wall_segment Palisade Wall x1 |
| 6:14 | I believe I can fly · wall_segment Palisade Wall x5 |
| 6:19 | I believe I can fly · wall_segment Palisade Wall x5 |
| 7:03 | I believe I can fly · wall_segment Palisade Wall x8 |
| 7:08 | I believe I can fly · wall_segment Palisade Wall x6 |
| 7:20 | I believe I can fly · wall_segment Palisade Wall x4 |
| 9:02 | I believe I can fly · first_building Barracks |
| 9:41 | ask · age_up feudal |
| 9:43 | ask · first_building Archery Range |
| 10:06 | I believe I can fly · age_up feudal |
| 10:10 | I believe I can fly · first_building Archery Range |
| 15:34 | I believe I can fly · wall_segment Palisade Wall x1 |
| 16:29 | ask · first_market_buy 500 food |
| 16:31 | ask · first_market_sell 100 stone |
| 19:07 | I believe I can fly · age_up castle |
| 19:25 | ask · age_up castle |
| 19:35 | ask · first_building Siege Workshop |
| 20:56 | I believe I can fly · first_building Siege Workshop |
| 22:38 | I believe I can fly · wall_segment Stone Wall x1 |
| 24:12 | I believe I can fly · wall_segment Stone Wall x1 |
| 24:16 | I believe I can fly · wall_segment Stone Wall x1 |
| 24:33 | I believe I can fly · wall_segment Stone Wall x1 |
| 24:39 | ask · resign |
[ AI ANALYSIS · 1 CREDIT ]
What really happened in this match?
Wolo.gg analyzes every decision: build order, eco, micro, common mistakes by bracket. Personalized analysis on WhatsApp or Discord in 30 seconds.
Civ guide
Incas
Perfil
Jugador #4450310